Map: Apotheosis LE

Players

LiquidTLO (TLO) - Winner!

  • Race: Zerg Zerg

MaSa

  • Race: Terran Terran
  • League: Master

Event: Polygon Gaming Invitational 4

VOD

Have the link to the VOD?

Description

Time

  • Played on: Aug. 27, 2016, 2:33 p.m.
  • Length: 14:54

All games in this series

Show
View Real Time Build Order
Export as new Build Order

LiquidTLO Zerg - Winner!

Build Orders: Hatch First 

Get SALT Encoding   

  12  0:01  Drone  
  13  0:13  Overlord  
  13  0:17  Drone  
  14  0:33  Drone x2  
  14  0:35  Drone  
  17  0:54  Hatchery  
  17  0:56  Drone  
  17  0:59  Drone  
  18  1:10  Extractor  
  17  1:14  Spawning Pool  
  17  1:17  Drone  
  17  1:21  Drone  
  18  1:28  Drone  
  19  1:39  Overlord  
  19  2:01  Queen  
  19  2:02  Zergling x4  
  19  2:06  Queen  
  25  2:14  Drone  
  25  2:15  Drone  
  27  2:17  Drone  
  28  2:24  Drone  
  29  2:30  Spore Crawler  
  29  2:33  Drone  
  29  2:36  Drone  
  30  2:40  Hatchery  
  29  2:46  Queen  
  29  2:49  Metabolic Boost  
  31  2:54  Overlord  
  31  3:00  Drone  
  31  3:01  Zergling x4  
  31  3:02  Drone  
  35  3:10  Overlord  
  34  3:15  Overlord  
  34  3:19  Drone  
  35  3:21  Drone  
  35  3:22  Drone x3  
  39  3:33  Drone  
  41  3:41  Drone  
  41  3:42  Drone  
  41  3:45  Zergling x2  
  43  3:50  Drone  
  43  3:51  Zergling x2  
  43  3:52  Drone  
  43  3:55  Baneling Nest, Drone, Extractor  
  45  3:56  Drone  
  45  3:58  Evolution Chamber  
  45  3:59  Evolution Chamber  
  45  4:00  Zergling x2  
  45  4:03  Zergling x2  
  45  4:05  Drone  
  45  4:06  Drone x2  
  45  4:07  Drone  
  50  4:11  Drone  
  50  4:13  Spine Crawler  
  50  4:14  Drone  
  50  4:16  Queen  
  53  4:20  Drone  
  53  4:23  Drone  
  54  4:25  Queen  
  54  4:26  Drone  
  54  4:27  Drone x2  
  54  4:29  Drone  
  54  4:30  Zergling x2  
  61  4:33  Zerg Melee Weapons Level 1  
  61  4:40  Zergling x10  
  66  4:46  Zerg Ground Armor Level 1  
  66  4:50  Baneling  
  66  4:54  Overlord  
  66  4:57  Overlord  
  66  5:00  Overlord  
  66  5:05  Zergling x2, Spore Crawler  
  66  5:06  Overlord x2  
  66  5:07  Overlord  
  66  5:10  Overlord, Baneling x4  
  66  5:14  Overlord  
  66  5:20  Overlord, Zergling x2  
  66  5:21  Zergling x6  
  69  5:24  Drone x2  
  69  5:25  Drone  
  69  5:28  Drone  
  73  5:29  Drone x2  
  73  5:32  Drone  
  77  5:35  Drone  
  77  5:36  Drone  
  77  5:37  Drone  
  77  5:38  Drone  
  77  5:41  Drone  
  77  5:42  Lair  
  81  5:43  Drone  
  81  5:44  Extractor  
  81  5:45  Extractor  
  81  5:46  Drone  
  81  5:49  Drone  
  78  5:53  Drone  
  78  5:57  Queen  
  78  5:59  Spore Crawler  
  78  6:01  Drone  
  78  6:02  Overlord, Drone  
  81  6:05  Zergling x2  
  81  6:07  Drone  
  81  6:09  Roach Warren, Drone  
  83  6:13  Drone  
  83  6:17  Zergling x2  
  85  6:22  Extractor  
  85  6:23  Drone x4, Extractor  
  87  6:26  Zergling x2  
  87  6:27  Hatchery  
  87  6:32  Zergling x2  
  86  6:35  Drone  
  86  6:37  Zergling x2  
  87  6:40  Zerg Melee Weapons Level 2, Zerg Ground Armor Level 2  
  87  6:42  Zergling x2  
  87  6:44  Infestation Pit  
  87  6:53  Zergling x18  
  96  6:55  Baneling x2  
  96  6:56  Baneling x3  
  96  6:58  Spine Crawler  
  96  6:59  Drone x4  
  99  7:02  Roach  
  99  7:05  Overlord  
  101  7:11  Drone x2  
  101  7:13  Drone x2  
  101  7:15  Roach x4  
  113  7:16  Baneling  
  113  7:17  Baneling x2  
  113  7:24  Zergling x2  
  113  7:27  Zergling x2  
  113  7:28  Extractor  
  109  7:30  Zergling x4  
  109  7:36  Ravager x4  
  109  7:37  Ravager  
  116  7:38  Extractor  
  116  7:39  Queen  
  116  7:40  Drone  
  116  7:41  Drone x10, Extractor  
  127  7:45  Centrifical Hooks  
  127  7:48  Hive  
  127  7:55  Zergling x2  
  127  7:58  Zergling x2  
  129  7:59  Zergling x2  
  129  8:01  Zergling x2  
  130  8:05  Zergling x2  
  130  8:06  Zergling x2  
  130  8:07  Drone  
  130  8:11  Drone  
  133  8:16  Overlord, Drone  
  129  8:20  Drone  
  129  8:22  Pathogen Glands  
  129  8:23  Zergling x4  
  129  8:24  Drone x2  
  134  8:27  Zergling x2  
  134  8:30  Queen, Drone  
  139  8:34  Zergling x2  
  139  8:37  Overlord, Drone  
  139  8:40  Drone  
  141  8:42  Spore Crawler x2  
  141  8:43  Zergling x2  
  141  8:44  Zergling x6  
  141  8:46  Zergling x4  
  141  8:48  Zergling x2, Baneling  
  140  8:49  Baneling x6  
  140  8:50  Zergling x2  
  140  8:51  Drone x2  
  143  9:01  Drone  
  143  9:02  Baneling x4  
  144  9:05  Infestor  
  144  9:06  Infestor x2  
  144  9:08  Zergling x2  
  151  9:10  Spore Crawler  
  151  9:12  Zergling x2  
  151  9:13  Overlord  
  151  9:14  Overlord x2  
  151  9:16  Overlord  
  151  9:20  Overlord  
  148  9:24  Adrenal Glands  
  148  9:25  Zerg Ground Armor Level 3, Ultralisk Cavern  
  148  9:26  Zergling x2  
  148  9:28  Zergling x2  
  148  9:29  Zergling x2  
  148  9:30  Zergling x2, Spine Crawler  
  150  9:35  Overlord, Zergling x2  
  148  9:58  Zerg Melee Weapons Level 3  
  146  10:02  Zergling x2  
  146  10:03  Zergling x2  
  147  10:10  Zergling x2  
  147  10:12  Pneumatized Carapace  
  147  10:13  Hatchery  
  147  10:14  Chitinous Plating  
  147  10:15  Ultralisk  
  147  10:16  Ultralisk x2  
  147  10:18  Drone  
  167  10:21  Zergling x16  
  167  10:22  Zergling x2  
  167  10:25  Overseer  
  175  10:28  Zergling x2  
  175  10:29  Extractor  
  175  10:30  Overseer, Zergling x2  
  175  10:31  Extractor  
  175  10:32  Roach x4  
  175  10:34  Zergling x2  
  184  10:36  Zergling x2  
  184  10:40  Spire  
  184  10:42  Zergling x2  
  185  10:43  Zergling x2  
  185  10:48  Zergling x2  
  185  10:49  Zergling x4  
  188  10:52  Zergling x2  
  185  11:00  Zergling x2  
  185  11:01  Zergling x2  
  185  11:02  Zergling x2  
  187  11:12  Ultralisk x2  
  197  11:32  Ultralisk  
  195  11:34  Ultralisk  
  195  11:36  Zergling x2  
  195  11:38  Zergling x8  
  195  11:39  Zergling x4  
  194  11:41  Zergling x4  
  194  11:43  Zergling x2  
  194  11:44  Zergling x2  
  194  11:45  Zergling x2  
  194  11:46  Zergling x2  
  182  11:47  Zergling x2  
  182  11:48  Ultralisk, Zergling x2  
  182  11:49  Ultralisk  
  182  11:50  Ravager  
  190  11:55  Ultralisk  
  190  11:58  Ultralisk  
  185  12:08  Ultralisk  
  179  12:11  Zergling x4  
  179  12:12  Zergling x6  
  179  12:13  Zergling x2  
  179  12:14  Zergling x2  
  179  12:15  Zergling x2  
  166  12:16  Drone x2  
  166  12:17  Drone  
  166  12:19  Zergling x4  
  166  12:21  Zergling x4, Extractor  
  167  12:23  Zergling x2  
  167  12:28  Zerg Flyer Armor Level 1  
  167  12:29  Corruptor  
  170  12:36  Corruptor x2  
  173  12:38  Drone  
  174  12:45  Drone  
  174  12:48  Drone, Baneling x7  
  174  12:49  Baneling  
  167  13:07  Corruptor x2  
  167  13:10  Zergling x2  
  167  13:11  Drone  
  168  13:14  Drone  
  168  13:15  Corruptor x2  
  168  13:17  Drone  
  171  13:21  Drone x2  
  171  13:22  Drone  
  171  13:23  Zergling x2  
  171  13:24  Zergling x2  
  171  13:25  Zergling x2  
  171  13:26  Zergling x2  
  177  13:28  Zergling x2  
  177  13:29  Zergling x4, Corruptor  
  177  13:30  Corruptor  
  184  13:37  Zergling x4  
  184  13:38  Zergling x2  
  184  13:41  Zergling x2, Corruptor  
  190  13:49  Baneling x8  
  182  14:03  Zergling x2  
  182  14:06  Zergling x4  
  182  14:07  Zergling x4  
  176  14:13  Ultralisk  
  176  14:15  Ultralisk  
  176  14:16  Zergling x2  
  181  14:17  Zergling x4  
  170  14:26  Zergling x4  
Show
View Real Time Build Order
Export as new Build Order

MaSa Terran 

Build Orders: Reaper Expand, MMM Bio 

Get SALT Encoding   

  12  0:00  SCV  
  13  0:12  SCV  
  14  0:17  Supply Depot  
  14  0:24  SCV  
  15  0:38  SCV  
  15  0:41  Barracks  
  16  0:44  Refinery  
  16  0:50  SCV  
  17  1:03  SCV  
  18  1:15  SCV  
  19  1:27  Orbital Command  
  19  1:28  Reaper  
  20  1:40  Command Center  
  20  1:51  Barracks  
  20  1:54  SCV  
  21  2:00  Barracks Reactor  
  21  2:04  Supply Depot  
  21  2:06  SCV  
  22  2:11  Refinery  
  22  2:18  SCV  
  23  2:29  Factory  
  23  2:31  SCV  
  24  2:38  Marine x2  
  24  2:42  Barracks Tech Lab  
  24  2:44  SCV  
  27  2:54  Orbital Command  
  27  2:56  SCV, Marine x2  
  30  3:01  Stimpack  
  30  3:02  Marine  
  31  3:09  SCV  
  32  3:14  Marine x2  
  32  3:18  Starport  
  34  3:21  SCV  
  34  3:23  Factory Reactor  
  35  3:29  SCV, Bunker  
  35  3:31  Marine  
  35  3:34  Marine  
  38  3:35  Marine  
  38  3:37  SCV  
  40  3:41  SCV  
  41  3:49  SCV, Supply Depot  
  41  3:53  SCV, Marine  
  41  3:54  Marine  
  45  4:03  SCV  
  45  4:04  Factory Tech Lab  
  45  4:08  Refinery  
  46  4:10  Supply Depot  
  46  4:11  Medivac  
  46  4:12  Marine  
  46  4:13  Medivac  
  46  4:14  SCV  
  52  4:22  Marine x2  
  52  4:23  SCV  
  54  4:31  Siege Tank, Marine  
  54  4:32  Supply Depot  
  54  4:33  SCV  
  54  4:37  SCV, Supply Depot  
  60  4:40  Marine x2  
  62  4:53  Medivac, SCV, Marine  
  62  4:55  Supply Depot  
  62  4:56  SCV  
  62  4:59  Marine  
  67  5:00  Marine  
  67  5:05  SCV  
  70  5:15  Command Center  
  70  5:17  Factory Reactor  
  70  5:19  SCV  
  71  5:21  Marine x3  
  74  5:39  Medivac x2, Marine, Engineering Bay  
  74  5:40  SCV, Engineering Bay  
  74  5:41  SCV  
  80  5:43  Marine x2  
  82  5:52  SCV  
  82  5:54  SCV  
  82  5:57  Marine  
  84  6:00  Marine  
  84  6:02  Marine  
  84  6:04  SCV  
  84  6:07  Barracks  
  84  6:09  SCV  
  86  6:12  Barracks x2  
  86  6:18  Terran Infantry Armor Level 1, Terran Infantry Weapons Level 1  
  86  6:22  Liberator  
  86  6:23  Liberator  
  86  6:26  Marine x3  
  86  6:27  SCV x2  
  85  6:44  Marine x2  
  85  6:45  SCV  
  85  6:46  SCV  
  94  6:49  Supply Depot  
  94  6:52  Refinery, Marine  
  95  6:54  Widow Mine  
  95  7:01  Orbital Command  
  97  7:04  SCV x2  
  97  7:07  Combat Shields  
  99  7:08  Barracks Reactor  
  99  7:10  Barracks Reactor x2  
  99  7:13  Marine x2  
  101  7:19  Marine  
  101  7:20  SCV  
  103  7:25  Medivac  
  103  7:26  Medivac  
  99  7:31  SCV, Marine x2  
  99  7:35  SCV  
  99  7:36  Supply Depot  
  102  7:37  Marine  
  102  7:40  Widow Mine  
  102  7:41  SCV, Armory  
  102  7:42  Widow Mine  
  108  7:44  Marine  
  109  7:55  Marine  
  109  7:57  Marine x2  
  109  7:58  Barracks x2, Marine  
  111  8:00  Barracks, Supply Depot  
  111  8:01  Marine x2  
  111  8:03  Marine  
  111  8:04  Marine  
  113  8:06  Marine  
  107  8:13  Marine  
  107  8:15  Marine x2  
  107  8:16  Marine  
  107  8:19  Marine x2  
  110  8:20  Widow Mine x2  
  110  8:21  Marine x2  
  110  8:24  Marine  
  117  8:27  Supply Depot  
  117  8:30  Medivac, Marine  
  117  8:31  Medivac  
  117  8:33  Marine x2  
  121  8:34  SCV x2, Marine  
  121  8:35  SCV  
  121  8:38  Refinery  
  125  8:48  Terran Infantry Armor Level 2, Terran Infantry Weapons Level 2  
  125  8:51  Marine  
  125  8:52  Marine x4  
  125  8:54  Barracks Tech Lab  
  130  8:57  Barracks Tech Lab, Supply Depot  
  130  8:58  Barracks Tech Lab  
  130  9:03  Medivac  
  130  9:05  Supply Depot  
  132  9:12  Marine  
  133  9:18  Medivac, Marine  
  133  9:19  Marauder  
  133  9:21  Marine x3  
  133  9:22  Concussive Shells  
  141  9:26  Supply Depot x2, Marine  
  141  9:28  Marine, Marauder x2  
  147  9:44  Marauder  
  149  9:49  Marine x5, Marauder  
  149  9:50  Command Center, Marauder  
  145  9:54  Marine x2  
  145  9:55  Marine, Marauder  
  145  9:57  Liberator  
  145  9:59  Liberator  
  134  10:05  Marine  
  134  10:06  Widow Mine x2, Marine  
  134  10:07  Marine x2  
  139  10:09  Starport  
  139  10:11  Fusion Core  
  139  10:14  Starport  
  141  10:18  Marine  
  141  10:19  Marine  
  149  10:22  Marauder  
  149  10:24  Marauder  
  149  10:26  Terran Ship Weapons Level 1  
  153  10:31  SCV x2, Supply Depot  
  153  10:32  Supply Depot  
  155  10:38  Marauder  
  155  10:40  Marauder  
  159  10:45  Marine x2, Marauder  
  159  10:46  Marauder  
  159  10:47  Liberator  
  159  10:49  Liberator  
  164  10:56  Marine  
  165  11:03  Marauder x2  
  165  11:04  Marine x2  
  162  11:05  Starport Reactor  
  162  11:06  Marauder  
  173  11:11  Refinery  
  173  11:12  Marine x2  
  173  11:13  Marine x2  
  173  11:15  Advanced Ballistics  
  173  11:17  Widow Mine x2  
  177  11:31  SCV x3  
  177  11:32  Marine x4, Marauder x2  
  184  11:33  Marine  
  184  11:34  Marine x3  
  184  11:35  Marine  
  184  11:36  Marine  
  184  11:38  Liberator  
  186  11:42  Terran Infantry Weapons Level 3  
  163  11:50  Marine x3  
  163  11:51  Liberator x2  
  163  11:54  Marauder  
  112  12:10  Marine x3  
  112  12:11  SCV  
  111  12:25  Planetary Fortress  
  111  12:28  Liberator, Marine  
  112  12:30  SCV  
  112  12:33  Liberator  
  112  12:35  SCV x2  
  115  12:38  Marauder  
  115  12:42  Liberator, SCV  
  121  12:51  Liberator  
  121  12:54  Marauder  
  123  13:11  Marine x3, Marauder x2  
  128  13:17  SCV x2  
  128  13:18  SCV x2  
  132  13:23  Liberator  
  132  13:29  SCV  
  132  13:30  SCV x3  
  132  13:33  Refinery  
  134  13:40  Marine x2  
  139  13:41  SCV  
  139  13:42  SCV x2  
  139  13:47  Marauder  
  139  13:48  Marauder  
  143  13:52  Missile Turret  
  143  13:55  Marine x3  
  144  14:00  Marine x2, Marauder  
  143  14:05  Marine x2  
  143  14:08  Marauder  
  134  14:15  Marine x3, Marauder  
  128  14:21  Marauder  
  107  14:29  SCV x2  
  98  14:32  SCV  
  74  14:41  SCV x2  
Tags
 
Add a new tag
Caveats
  • Supply blocks, unpowered buildings, or Contaminate may cause inaccurate times.
  • Supply counts are checked every 10 seconds.